 Dungeon Crawl Stone Soup version 0.24.0-13-gcf9b319 (webtiles) character file.

Game seed: 732801007534350523, levelgen mode: deterministic

3205 Bronimir the Conjurer (level 9, -9/57 HPs)
             Began as a Tengu Venom Mage on Mar 3, 2020.
             Was a Believer of Kikubaaqudgha.
             Shot with an arrow by a centaur warrior (21 damage)
             ... on level 8 of the Dungeon.
             The game lasted 00:38:35 (8923 turns).

Bronimir the Conjurer (Tengu Venom Mage)            Turns: 8923, Time: 00:38:36

Health: -9/57      AC:  5    Str: 10    XL:     9   Next: 96%
Magic:  0/16       EV: 16    Int: 19    God:    Kikubaaqudgha [**....]
Gold:   240        SH:  0    Dex: 17    Spells: 2/16 levels left

rFire    + . .     SeeInvis .   a - +5 spear "Ezunusk" {flame, Int+2}
rCold    + . .     Gourm    .   (no shield)
rNeg     . . .     Faith    .   D - +2 leather armour {rF+}
rPois    .         Spirit   +   (helmet restricted)
rElec    .         Reflect  .   z - scarf {Spirit}
rCorr    .         Harm     .   (no gloves)
MR       .....                  (boots unavailable)
Stlth    ++........             d - amulet of regeneration
HPRegen  0.59/turn              (no ring)
MPRegen  0.15/turn              (no ring)

@: marked, flying quickly and evasively, very slightly contaminated, hasted,
invisible, very quick
A: beak, talons 3, agile 1, cold resistance 1, robust 1, able to fly
a: Stop Flying, Receive Corpses, Renounce Religion


You were on level 8 of the Dungeon.
You worshipped Kikubaaqudgha.
Kikubaaqudgha was pleased with you.
You were very hungry.

You visited 2 branches of the dungeon, and saw 9 of its levels.

You collected 359 gold pieces.
You spent 119 gold pieces at shops.

Inventory:

Hand Weapons
 a - the +5 spear "Ezunusk" (weapon) {flame, Int+2}
   (You took it off a gnoll on level 4 of the Dungeon)

   It has been specially enchanted to burn those struck by it, causing extra
   injury to most foes and up to half again as much damage against particularly
   susceptible opponents.
   It affects your intelligence (+2).
 b - a +1 shortbow
 o - a +0 hunting sling
 s - the +2 dagger "Kuopp" {freeze, +Inv rPois MR+ Dex-4}
   (You found it on level 4 of the Dungeon)

   It has been specially enchanted to freeze those struck by it, causing extra
   injury to most foes and up to half again as much damage against particularly
   susceptible opponents.
   It can also slow down cold-blooded creatures.
   It affects your dexterity (-4).
   It protects you from poison.
   It affects your resistance to hostile enchantments.
   It lets you turn invisible.
 u - a +0 battleaxe
Missiles
 h - 23 poisoned darts (quivered)
 m - 446 stones
 t - 30 sling bullets
 y - 93 arrows
Armour
 i - a +0 leather armour
 z - a scarf of spirit shield (worn)
 B - a +3 ring mail
 D - a +2 leather armour of fire resistance (worn)
Jewellery
 d - an amulet of regeneration (around neck)
 l - the cursed ring of Aleox {Dex-2 Stlth+}
   (You took it off an orc on level 4 of the Dungeon)

   [ring of dexterity]

   It affects your dexterity (-2).
   It makes you more stealthy.
   It has a curse placed upon it.
 I - an uncursed ring of fire
Wands
 C - a wand of flame (6)
Scrolls
 e - a scroll of amnesia {unknown}
 g - 3 scrolls of identify
 v - a scroll of enchant weapon
 H - 2 scrolls of teleportation
 J - a scroll of summoning {unknown}
Potions
 j - a potion of mutation
 k - a potion of flight
 n - 2 potions of haste
 q - 4 potions of curing
 r - 3 potions of cancellation
 w - 2 potions of degeneration {unknown}
 x - a potion of lignification {unknown}
 A - a potion of berserk rage {unknown}
 E - a potion of resistance {unknown}
 F - a potion of brilliance {unknown}
Comestibles
 c - 14 rations


   Skills:
 + Level 4.1 Fighting
 - Level 1.0 Short Blades
 + Level 1.9(3.7) Axes
 * Level 5.0(5.2) Polearms
 + Level 2.0 Slings
 + Level 4.1 Bows
 + Level 0.2(1.2) Throwing
 * Level 5.4 Armour
 + Level 3.3 Dodging
 - Level 2.0 Stealth
 + Level 4.4 Spellcasting
 + Level 5.7 Conjurations
 + Level 3.3 Necromancy
 + Level 4.6 Air Magic
 * Level 5.3 Poison Magic


You had 2 spell levels left.
You knew the following spells:

 Your Spells              Type           Power        Failure   Level  Hunger
a - Sting                 Conj/Pois      ####         1%          1    None
b - Poisonous Vapours     Pois/Air       ###...       3%          2    #......
c - Mephitic Cloud        Conj/Pois/Air  ###.....     6%          3    ###....
d - Olgreb's Toxic Radia  Pois           ###.....     19%         4    ####...
e - Pain                  Necr           ###.         4%          1    None
f - Regeneration          Chrm/Necr      ##........   26%         3    ###....

Your spell library contained the following spells:

 Spells                   Type           Power        Failure   Level  Hunger
 Magic Dart               Conj           ####         1%          1    None
 Corpse Rot               Necr           N/A          7%          2    #......
 Sublimation of Blood     Necr           ###.......   7%          2    #......
 Blink                    Tloc           N/A          26%         2    #......
 Call Imp                 Summ           #.......     26%         2    #......
 Slow                     Hex            #.......     26%         2    #......
 Conjure Flame            Conj/Fire      ###.....     16%         3    ###....
 Venom Bolt               Conj/Pois      ####......   45%         5    ######.
 Fulminant Prism          Conj/Hex       ###.......   47%         4    ####...
 Throw Icicle             Conj/Ice       ###.....     47%         4    ####...
 Conjure Ball Lightning   Conj/Air       ###.......   97%         6    #######
 Bolt of Cold             Conj/Ice       ###.......   100%        6    #######


Dungeon Overview and Level Annotations

Branches:
Dungeon (8/15)             Temple (1/1) D:6
   Lair: D:8-11

Altars:
Ashenzari
Cheibriados
Dithmenos
Elyvilon
Fedhas
Gozag
Hepliaklqana
Kikubaaqudgha
Makhleb
Nemelex Xobeh
Okawaru
Qazlal
Ru
Sif Muna
Trog
Uskayaw
Vehumet
Wu Jian
Xom
Yredelemnul
Zin
The Shining One

Shops:
D:4 (   D:5 (

Annotations:
D:5 3 runed translucent doors, growler's ghost, amateur TrCK
D:8 Harold


Innate Abilities, Weirdness & Mutations

You have a beak for a mouth.
You have claws for feet.
You can fly continuously.
You are agile. (Dex +2)
Your flesh is cold resistant. (rC+)
You are robust. (+10% HP)


Message History

The scroll dissolves into smoke.
The centaur warrior shoots an arrow.
The arrow barely misses you.
An orc comes into view. It is wielding a +0 hand axe.
You are feeling very hungry.
It was a potion of flight.
You feel more buoyant.
It was a potion of haste.
You feel yourself speed up.
Harold points at you and mumbles some strange words.
A sentinel's mark forms upon you.
You hear a bark!
It was a potion of invisibility.
You fade into invisibility!
Harold points at you and mumbles some strange words.
The harpoon shot misses you.
You are very lightly contaminated with residual magic.
Okay, then.
You see here an arrow.
The centaur warrior shoots an arrow.
The arrow hits you!!
You die...
Kikubaaqudgha rasps: "You have failed me!
Welcome... death!"

#o
#....?§§§§§§.....(........
#
#..##oo.c§§....((........#
#...#.##§...§.....(h...###
#.###(#.....).........##.#
###......................#
##...##.)....[...........
##....#).......##......#
#...(...).....#......##
###...@[......#.(.....#
####.<.....#..##....#
##.#....#.## #....
###.....## #.## ##$#.##
###.# ##


You could see a centaur warrior and an orc.

Vanquished Creatures
  An ugly thing (D:7)
  A hippogriff (D:7)
  A phantom (D:7)
  2 ogres
  2 orc warriors (D:8)
  A black bear (D:6)
  A sky beast (D:7)
  5 centaurs
  Blork the orc (D:5)
  A bullfrog (D:7)
  2 scorpions
  5 killer bees (D:7)
  A howler monkey (D:5)
  2 crimson imps
  A centaur zombie (D:8)
  2 jellies (D:7)
  A bullfrog zombie (D:6)
  A hound (D:7)
  2 quasits
  2 orc priests
  Jessica (D:3)
  A gnoll shaman (D:6)
  Ijyb (D:5)
  4 iguanas
  3 orc wizards
  4 worker ants
  A hound skeleton (D:4)
  2 worker ant zombies
  16 gnolls
  A howler monkey skeleton (D:4)
  10 adders
  3 shadow imps
  An ooze (D:4)
  A worm (D:3)
  A dart slug (D:1)
  5 leopard geckos
  32 orcs
  3 bats
  10 giant cockroaches
  7 goblins
  6 hobgoblins
  13 jackals
  4 quokkas
  2 ball pythons
  2 frilled lizards
  A jackal skeleton (D:6)
  10 kobolds
  A leopard gecko skeleton (D:4)
  12 rats
193 creatures vanquished.

Vanquished Creatures (others)
  A killer bee (D:7)
1 creature vanquished.

Grand Total: 194 creatures vanquished

Notes
Turn   | Place    | Note
-------+----------+-------------------------------------------
     0 | D:1      | Bronimir the Tengu Venom Mage began the quest for the Orb.
     0 | D:1      | Reached XP level 1. HP: 10/10 MP: 4/4
   341 | D:1      | Reached XP level 2. HP: 15/15 MP: 6/6
   361 | D:1      | Learned a level 2 spell: Poisonous Vapours
   867 | D:1      | Reached XP level 3. HP: 19/19 MP: 0/7
   952 | D:1      | Reached skill level 1 in Armour
  2189 | D:3      | Reached XP level 4. HP: 11/24 MP: 4/8
  2437 | D:3      | Noticed Jessica
  2446 | D:3      | Killed Jessica
  2446 | D:3      | Reached skill level 1 in Short Blades
  2581 | D:3      | Reached skill level 1 in Slings
  2585 | D:3      | Reached skill level 1 in Air Magic
  2809 | D:3      | Learned a level 3 spell: Mephitic Cloud
  2883 | D:3      | Gained mutation: You can fly continuously. [Tengu growth]
  2883 | D:3      | Reached XP level 5. HP: 28/28 MP: 9/9
  3013 | D:4      | Reached skill level 1 in Fighting
  3380 | D:4      | Found Biol's Antique Weapon Boutique.
  3400 | D:3      | Gained mutation: You are robust. (+10% HP) [potion of
                  | mutation]
  3400 | D:3      | Gained mutation: Your flesh is cold resistant. (rC+)
                  | [potion of mutation]
  3400 | D:3      | Gained mutation: You are agile. (Dex +2) [potion of
                  | mutation]
  3886 | D:4      | Reached XP level 6. HP: 17/37 MP: 2/10
  4106 | D:4      | Reached skill level 1 in Axes
  4232 | D:4      | Bought a runed quarterstaff for 119 gold pieces
  4254 | D:4      | Identified the cursed ring of Aleox {Dex-2 Stlth+}
  4294 | D:4      | Reached XP level 7. HP: 42/42 MP: 5/12
  4330 | D:4      | Got a crude dagger
  4331 | D:4      | Identified the +2 dagger "Kuopp" {freeze, +Inv rPois MR+
                  | Dex-4} (You found it on level 4 of the Dungeon)
  4338 | D:4      | Found a snail-covered altar of Cheibriados.
  4511 | D:4      | Found a shattered altar of Ashenzari.
  4687 | D:4      | Identified the +5 spear "Ezunusk" {flame, Int+2}
  4707 | D:4      | Learned a level 4 spell: Olgreb's Toxic Radiance
  4724 | D:4      | Found a shimmering altar of Xom.
  4780 | D:5      | Entered Level 5 of the Dungeon
  4808 | D:5      | Reached skill level 1 in Polearms
  4870 | D:5      | Noticed growler's ghost (amateur TrCK)
  4872 | D:5      | Found a runed translucent gate.
  4873 | D:5      | Found a runed translucent gate.
  4874 | D:5      | Found a runed translucent gate.
  4930 | D:5      | Found an opulent altar of Gozag.
  4941 | D:5      | Noticed Ijyb
  4959 | D:5      | Killed Ijyb
  5199 | D:5      | Noticed Blork the orc
  5200 | D:5      | Found a shadowy altar of Dithmenos.
  5216 | D:5      | Killed Blork the orc
  5216 | D:5      | Reached skill level 1 in Bows
  5216 | D:5      | Reached XP level 8. HP: 49/49 MP: 4/13
  5284 | D:5      | Found Uruod's Antique Weapon Shop.
  5484 | D:5      | Found an ancient bone altar of Kikubaaqudgha.
  5488 | D:5      | Found a blossoming altar of Fedhas.
  5520 | D:6      | Found a staircase to the Ecumenical Temple.
  5527 | Temple   | Entered the Ecumenical Temple
  5715 | D:5      | Became a worshipper of Kikubaaqudgha
  6468 | D:6      | Reached skill level 5 in Conjurations
  6860 | D:6      | Reached * piety under Kikubaaqudgha
  6860 | D:6      | Identified Kikubaaqudgha's Grimoire of Dark Arts
                  | (Kikubaaqudgha gifted it to you on level 6 of the Dungeon)
  6860 | D:6      | Received a gift from Kikubaaqudgha
  6866 | D:6      | Learned a level 1 spell: Pain
  6870 | D:6      | Learned a level 3 spell: Regeneration
  7011 | D:7      | Noticed a hippogriff
  7029 | D:7      | Killed a hippogriff
  7029 | D:7      | Reached skill level 1 in Necromancy
  7031 | D:7      | Reached XP level 9. HP: 52/56 MP: 3/16
  7263 | D:7      | Found a basalt altar of Yredelemnul.
  7264 | D:7      | Found a white marble altar of Elyvilon.
  7275 | D:7      | Found a sacrificial altar of Ru.
  7276 | D:7      | Found a stormy altar of Qazlal.
  7276 | D:7      | Found an iron altar of Okawaru.
  7280 | D:7      | Found a glowing silver altar of Zin.
  7281 | D:7      | Found a radiant altar of Vehumet.
  7409 | D:7      | Noticed a red ugly thing
  7419 | D:7      | Identified a scroll of acquirement
  7419 | D:7      | Identified the Guide on Confrontation (You acquired it on
                  | level 7 of the Dungeon)
  7688 | D:7      | Reached skill level 5 in Armour
  8078 | D:7      | Killed a red ugly thing
  8078 | D:7      | Reached skill level 5 in Poison Magic
  8449 | D:8      | Reached ** piety under Kikubaaqudgha
  8482 | D:8      | Reached skill level 5 in Polearms
  8501 | D:8      | Noticed Harold
  8692 | D:8      | Noticed a centaur warrior
  8901 | D:8      | HP: 2/57 [centaur warrior/arrow (11)]
  8923 | D:8      | Shot with an arrow by a centaur warrior

Levels and vault maps discovered:
D:1:      elethiomel_arrival_infinity_welcomes_careful_drivers,
          layout_loops_ring
D:2:      layout_basic, first_ration, chequers_serial_rivers_small_3,
          hangedman_decor_clover_reticule
D:3:      kennysheep_big_flooded_room, layout_rooms, uniq_jessica
D:4:      layout_cave_pools, ashenzari_altar_1, tgw_xom, serial_shops, shop,
          cheibriados_altar_1
D:5:      layout_rooms, grunt_temple_overflow_growth_and_decay,
          grunt_dithmenos_smoke, grunt_gozag_statues, serial_shops,
          nicolae_shop_trees, gammafunk_ghost_split, kennysheep_generic_room_2,
          uniq_blork_the_orc, uniq_ijyb
D:6:      layout_loops_corners, minmay_temple_entry_statues_pillars
D:7:      layout_cave_pods, minitemple
D:8:      layout_cave_pools, lair_entry_dummy, special_room [special_room_orc],
          nicolae_ossuary_entry_ruins, uniq_harold
Temple:   nicolae_temple_figure_zero

Skill      XL: |  1  2  3  4  5  6  7  8  9 |
---------------+----------------------------+-----
Conjurations   | 2 3 4 5 |  5.7
Armour         | 1 2 3 4 5 |  5.4
Short Blades   | 1 |  1.0
Slings         | 1 2 |  2.0
Air Magic      | 1 2 3 4 |  4.6
Fighting       | 1 2 3 4 |  4.1
Axes           | 1 |  1.9
Polearms       | 1 3 5 |  5.0
Spellcasting   | 3 4 |  4.4
Poison Magic   | 4 5 |  5.3
Bows           | 1 3 4 |  4.1
Dodging        | 3 |  3.3
Necromancy     | 1 3 |  3.3
Throwing       | |  0.2
Stealth        | |  2.0

Action                   |  1- 3 |  4- 6 |  7- 9 || total
-------------------------+-------+-------+-------++-------
Melee: Short sword       |    72 |       |       ||    72
       Kick              |    13 |    12 |    32 ||    57
       Unarmed           |     3 |       |       ||     3
       Peck              |     9 |     7 |    18 ||    34
       Hand axe          |     4 |       |       ||     4
       Battleaxe         |       |    34 |       ||    34
       Spear             |       |    27 |   162 ||   189
       Dagger            |       |       |     4 ||     4
 Fire: Hunting sling     |    27 |    37 |       ||    64
       Shortbow          |       |       |   128 ||   128
Throw: Dart              |       |     3 |       ||     3
 Cast: Sting             |     8 |    10 |    20 ||    38
       Poisonous Vapours |    11 |    26 |    48 ||    85
       Mephitic Cloud    |       |     3 |    12 ||    15
       Olgreb's Toxic Ra |       |       |     7 ||     7
       Regeneration      |       |       |     1 ||     1
 Abil: Fly               |       |     1 |       ||     1
  Use: Scroll            |       |     5 |    10 ||    15
       Potion            |       |     2 |     4 ||     6
 Stab: Sleeping          |     1 |     1 |     3 ||     5
       Confused          |       |     2 |     4 ||     6
  Eat: Chunk             |     4 |     7 |    17 ||    28
       Ration            |       |     1 |       ||     1
Armor: Ring mail         |    31 |       |    33 ||    64
       Robe              |     3 |     8 |       ||    11
       Leather armour    |       |     3 |    32 ||    35
Dodge: Dodged            |    58 |    94 |   201 ||   353
